[Event "Titled Tuesday Blitz March 21 Early 2023"]
[White "Friedel, Tom"]
[Black "Sanchez Alvares, Kelvin Antonio"]
[WhiteFideId "2002108"]
[BlackFideId "3906680"]
[WhiteElo "2320"]
[BlackElo "2217"]
[Result "0-1"]
[Round "06"]
[TimeControl "180+2"]
[Date "2023.03.21"]
[WhiteClock "0:00:04"]
[BlackClock "0:00:10"]

1. e4 e5 2. Nf3 Nc6 3. Bc4 Bc5 4. c3 Nf6 5. d3 a5 6. O-O d6 7. Be3 Ba7 8. Bxa7 Rxa7 9. Nbd2 O-O 10. Re1 Re8 11. h3 Be6 12. Bxe6 Rxe6 13. d4 exd4 14. cxd4 d5 15. e5 Nd7 16. Qc2 Nb6 17. Nb3 Rg6 18. Nc5 Nd7 19. e6 Nxc5 20. exf7+ Kxf7 21. Qxc5 Qd7 22. Ne5+ Nxe5 23. Rxe5 b6 24. Qxd5+ Qxd5 25. Rxd5 c6 26. Re5 Rd7 27. Rd1 Rgd6 28. Re4 c5 29. Kf1 cxd4 30. Ke2 d3+ 31. Kd2 Rd5 32. Re3 Rb5 33. b3 a4 34. Rb1 Rf5 35. f3 Rfd5 36. bxa4 Rd4 37. Rxb6 Rxa4 38. Rb2 Ra3 39. f4 h5 40. g4 hxg4 41. hxg4 Ra4 42. Rf3 Rdd4 43. Rxd3 Rxf4 44. Rd7+ Kg8 45. g5 Rg4 46. Rd5 Kh7 47. Rbb5 Rxa2+ 48. Kc3 Ra3+ 49. Kb2 Rf3 50. Rd2 Rfg3 51. Rh2+ Kg6 52. Rc2 Rxg5 53. Rc6+ Kh5 54. Rcc5 Rxc5 55. Rxc5+ g5 56. Kc2 Re3 57. Kd2 Re8 58. Rc7 Kg4 59. Rc4+ Kh3 60. Rc3+ Kh4 61. Re3 Rxe3 62. Kxe3 Kg3 63. Ke2 Kg2 64. Ke3 g4 65. Kf4 g3 0-1


[Site "https://www.chess.com"]

[Event "Titled Tuesday Blitz March 21 Early 2023"]
[White "TigranHH"]
[Black "Ratsma, Midas"]
[BlackFideId "1032283"]
[WhiteElo "2293"]
[BlackElo "2172"]
[Result "1-0"]
[Round "06"]
[TimeControl "180+2"]
[Date "2023.03.21"]
[WhiteClock "0:00:43"]
[BlackClock "0:00:07"]

1. d4 d5 2. c4 e5 3. dxe5 d4 4. Nf3 Nc6 5. g3 Nge7 6. Bg2 Ng6 7. Bg5 Qd7 8. O-O h6 9. Bd2 Ngxe5 10. Nxe5 Nxe5 11. Na3 Bxa3 12. bxa3 Nxc4 13. Bb4 c6 14. Rc1 Ne5 15. Qd2 b6 16. Rfd1 a5 17. Qf4 f6 18. Rxd4 Qf5 19. Qd2 Bd7 20. f4 axb4 21. fxe5 Ra7 22. Rf1 Qe6 23. exf6 O-O 24. fxg7 Rxf1+ 25. Bxf1 c5 26. Rd6 Qe7 27. Qxh6 Qe8 28. Rf6 1-0


[Site "https://www.chess.com"]

[Event "Titled Tuesday Blitz March 21 Early 2023"]
[White "Eynullayev, Atilla"]
[Black "Zaichenko, Daria"]
[WhiteFideId "13413570"]
[BlackFideId "4197453"]
[WhiteElo "2181"]
[BlackElo "2039"]
[Result "1-0"]
[Round "06"]
[TimeControl "180+2"]
[Date "2023.03.21"]
[WhiteClock "0:00:09"]
[BlackClock "0:00:01"]

1. d4 d5 2. c4 e6 3. Nc3 Be7 4. cxd5 exd5 5. Bf4 c6 6. e3 Bf5 7. Nge2 Nd7 8. Ng3 Be6 9. h4 Ngf6 10. Bd3 h5 11. Bf5 Bxf5 12. Nxf5 g6 13. Nd6+ Bxd6 14. Bxd6 Nb6 15. Bc5 Nbd7 16. Ba3 b5 17. Qf3 a5 18. Bd6 Ng4 19. e4 b4 20. exd5 f5 21. dxc6 Nb6 22. Nb5 Kf7 23. O-O-O Nf6 24. Rhe1 Re8 25. Qb3+ Nfd5 26. Re5 a4 27. Qf3 Rxe5 28. dxe5 Qxh4 29. Kb1 Qe4+ 30. Qxe4 fxe4 31. c7 Ke6 32. Rc1 Nc8 33. Rc6 Kd7 34. Rc4 e3 35. fxe3 Nxe3 36. Rd4 Nf5 37. Rd1 Ke6 38. Bxb4 Ra6 39. a3 Kxe5 40. Re1+ Kd5 41. Nc3+ Kc4 42. Re4+ Kd3 43. Re8 Nfd6 44. Bxd6 Nxd6 45. c8=Q Nxc8 46. Rxc8 1-0


[Site "https://www.chess.com"]

[Event "Titled Tuesday Blitz March 21 Early 2023"]
[White "Pniaczek, Marek"]
[Black "Kopczynski, Michal"]
[WhiteFideId "21800421"]
[BlackFideId "1124200"]
[WhiteElo "2138"]
[BlackElo "2212"]
[Result "1-0"]
[Round "06"]
[TimeControl "180+2"]
[Date "2023.03.21"]
[WhiteClock "0:00:05"]
[BlackClock "0:00:03"]

1. e4 b6 2. d4 Bb7 3. Bd3 e6 4. Qe2 Nf6 5. Nf3 d5 6. e5 Nfd7 7. Ng5 g6 8. Qf3 Qe7 9. Na3 a6 10. c3 c5 11. Bd2 Nc6 12. Nc2 h6 13. Nh3 O-O-O 14. b4 c4 15. Be2 f6 16. exf6 Nxf6 17. Nf4 Rg8 18. Qh3 Kb8 19. Qxe6 Qg7 20. Qh3 Bc8 21. Ne6 Bxe6 22. Qxe6 Bd6 23. Ne3 Rge8 24. Qh3 Ne4 25. Rd1 Ng5 26. Qh4 Re4 27. g4 Qe7 28. Kf1 Bf4 29. Ng2 Bxd2 30. Rxd2 h5 31. Ne3 Rxe3 32. fxe3 Qxe3 33. Qg3+ Qxg3 34. hxg3 Ne4 35. Rd1 Nxg3+ 36. Kf2 Nxh1+ 37. Rxh1 Rf8+ 38. Ke3 Re8+ 39. Kd2 hxg4 40. Bxg4 Ne7 41. Re1 Kc7 42. Be6 Kd6 43. Bf7 Rf8 44. Re6+ Kd7 45. Rf6 a5 46. bxa5 bxa5 47. Rf3 g5 48. Bxd5 Rxf3 49. Bxf3 Nf5 50. Be2 Ke6 51. Bxc4+ Kf6 52. Bd3 Ng3 53. Ke3 g4 54. Kf4 Nh5+ 55. Kxg4 Ng7 56. c4 Ne6 57. d5 Nc5 58. Bc2 Ke5 59. Kf3 Kd4 60. Bb3 a4 61. d6 axb3 62. axb3 Kc3 63. Ke3 Kxb3 64. Kd4 Nd7 65. c5 Kb4 66. c6 Nb6 67. d7 Na4 68. d8=Q Nc3 69. Qb6+ Nb5+ 70. Kd5 Ka4 71. Qxb5+ Kxb5 72. c7 1-0


[Site "https://www.chess.com"]

[Event "Titled Tuesday Blitz March 21 Early 2023"]
[White "monkins"]
[Black "Khamdamova, Afruza"]
[BlackFideId "14210444"]
[WhiteElo "2245"]
[BlackElo "2210"]
[Result "0-1"]
[Round "06"]
[TimeControl "180+2"]
[Date "2023.03.21"]
[WhiteClock "0:00:01"]
[BlackClock "0:00:41"]

1. Nf3 Nf6 2. c4 e6 3. g3 d5 4. Bg2 dxc4 5. Qa4+ Nbd7 6. Qxc4 c5 7. O-O a6 8. d4 b5 9. Qc2 Bb7 10. a4 Be7 11. Be3 c4 12. b3 Rc8 13. axb5 axb5 14. bxc4 bxc4 15. Nc3 O-O 16. Rfb1 Bc6 17. Ra6 Nd5 18. Nxd5 exd5 19. h4 h6 20. Qd2 Kh7 21. Bh3 Rb8 22. Qc2+ g6 23. Rxc6 Qa5 24. Bf4 Rxb1+ 25. Qxb1 Nf6 26. Qb7 Re8 27. Rc7 Qa3 28. Be5 Ne4 29. Qxd5 Nd6 30. Bxd6 Qxd6 31. Qxf7+ Kh8 32. Rxc4 Rf8 33. Qe6 Qd8 34. Qxg6 Rf6 35. Qh5 Qf8 36. Ne5 Qg7 37. Rc8+ Bf8 38. Bf5 Kg8 0-1


[Site "https://www.chess.com"]

[Event "Titled Tuesday Blitz March 21 Early 2023"]
[White "Ardila, Oscar Humberto"]
[Black "Donskov, Anatoly"]
[WhiteFideId "4404742"]
[BlackFideId "24143413"]
[WhiteElo "1911"]
[BlackElo "2247"]
[Result "0-1"]
[Round "06"]
[TimeControl "180+2"]
[Date "2023.03.21"]
[WhiteClock "0:00:27"]
[BlackClock "0:00:02"]

1. d4 d5 2. Nf3 Nf6 3. Ne5 c5 4. c3 e6 5. e3 Nc6 6. f4 Nxe5 7. fxe5 Ne4 8. Qg4 h5 9. Qf4 g5 10. Qf3 g4 11. Bb5+ Bd7 12. Bxd7+ Qxd7 13. Qe2 O-O-O 14. Nd2 f5 15. exf6 Nxf6 16. O-O Bg7 17. dxc5 e5 18. b4 h4 19. b5 Kb8 20. Ba3 h3 21. g3 Qc7 22. Rab1 Rhe8 23. b6 axb6 24. Rxb6 d4 25. Rfb1 dxc3 26. Rxb7+ Qxb7 27. Rxb7+ Kxb7 28. Qb5+ Kc7 29. Qb6+ Kd7 30. Qd6+ Kc8 31. Qc6+ Kb8 32. Nc4 Rd1+ 33. Kf2 Rc8 34. Qb6+ Ka8 35. Qa5+ Kb7 36. Qb5+ Kc7 37. Qa5+ Kd7 38. Qa4+ Ke6 39. Qxd1 Ne4+ 40. Kg1 Rf8 41. c6 Rf2 42. Qd7+ Kf6 43. Be7+ Kg6 44. Qe6+ Kh7 45. Nxe5 Rg2+ 46. Kh1 Nf2# 0-1


[Site "https://www.chess.com"]

[Event "Titled Tuesday Blitz March 21 Early 2023"]
[White "Khandelwal, Ankush"]
[Black "Adithya A Chullikkad"]
[WhiteFideId "413470"]
[BlackFideId "45078734"]
[WhiteElo "2263"]
[BlackElo "1984"]
[Result "1-0"]
[Round "06"]
[TimeControl "180+2"]
[Date "2023.03.21"]
[WhiteClock "0:00:27"]
[BlackClock "0:00:15"]

1. e4 c5 2. Nf3 d6 3. d4 cxd4 4. Nxd4 Nf6 5. Nc3 a6 6. Be2 e5 7. Nb3 Be6 8. f4 Be7 9. f5 Bd7 10. Bg5 Bc6 11. Bxf6 Bxf6 12. Qd3 Nd7 13. Qxd6 Qb6 14. Qd3 O-O-O 15. O-O-O Nc5 16. Qc4 Nxb3+ 17. axb3 Kb8 18. Qxf7 Bxe4 19. Nxe4 Qe3+ 20. Kb1 Qxe4 21. Bf3 Qb4 22. Bd5 Rhf8 23. Qh5 e4 24. Qe2 Rfe8 25. Be6 Rd4 26. c3 Rxd1+ 27. Rxd1 Qe7 28. Qxe4 Rd8 29. Qf4+ Ka8 30. Rxd8+ Qxd8 31. Kc2 Qb6 32. b4 Qg1 33. Bd5 Qb6 34. Kb3 Qd8 35. Qe4 Qc7 36. Qe6 h6 37. Qxa6+ Kb8 38. Qb5 b6 39. Qa6 Qd6 40. Qb7# 1-0


[Site "https://www.chess.com"]

[Event "Titled Tuesday Blitz March 21 Early 2023"]
[White "Girsh, Daniel"]
[Black "Wahedi, Ahmad Siar"]
[WhiteFideId "30949190"]
[BlackFideId "4651260"]
[WhiteElo "2075"]
[BlackElo "2463"]
[Result "0-1"]
[Round "06"]
[TimeControl "180+2"]
[Date "2023.03.21"]
[WhiteClock "0:00:15"]
[BlackClock "0:01:01"]

1. d4 Nf6 2. c4 c5 3. e3 g6 4. Nf3 Bg7 5. Be2 Nc6 6. O-O d6 7. d5 Na5 8. Nc3 O-O 9. e4 e6 10. h3 exd5 11. cxd5 Re8 12. Nd2 a6 13. a4 Qc7 14. Re1 c4 15. Bf1 b6 16. Nf3 Nb3 17. Rb1 Rb8 18. Bf4 Nd7 19. Nd2 Nxd2 20. Qxd2 b5 21. axb5 axb5 22. b4 Ne5 23. Bg3 f5 24. f4 Nd3 25. Bxd3 cxd3 26. Rbc1 Qb6+ 27. Kh2 fxe4 28. Nxe4 Bf5 29. Qxd3 Rbc8 30. Rxc8 Rxc8 31. Bf2 Qa6 32. Bd4 Rc4 33. Bxg7 Kxg7 34. Qb1 Qa3 35. g4 Bxe4 36. Rxe4 Rc1 37. Re7+ Kf8 38. Qe4 Qb2+ 39. Kg3 Rg1+ 40. Kf3 Rf1+ 41. Kg3 Qf2# 0-1


[Site "https://www.chess.com"]

[Event "Titled Tuesday Blitz March 21 Early 2023"]
[White "lisjakzlatko1"]
[Black "Sreyas Payyappat"]
[BlackFideId "46674969"]
[WhiteElo "2209"]
[BlackElo "2083"]
[Result "0-1"]
[Round "06"]
[TimeControl "180+2"]
[Date "2023.03.21"]
[WhiteClock "0:00:12"]
[BlackClock "0:00:38"]

1. e3 e5 2. e4 Nf6 3. Nf3 Nxe4 4. Nxe5 Qe7 5. d4 d6 6. Qe2 dxe5 7. Qxe4 exd4 8. Qxe7+ Bxe7 9. Bc4 O-O 10. O-O Bd6 11. Nd2 Nc6 12. a3 Be6 13. Bxe6 fxe6 14. Nf3 e5 15. Re1 Rae8 16. Re4 Nb8 17. Bd2 Nd7 18. Rae1 c5 19. b4 b6 20. h3 Nf6 21. R4e2 e4 22. Ng5 e3 23. fxe3 h6 24. Nf3 Bg3 25. Rf1 Re4 26. c3 d3 27. Ref2 cxb4 28. axb4 Nd5 29. Ng5 Bxf2+ 30. Rxf2 hxg5 0-1


[Site "https://www.chess.com"]

[Event "Titled Tuesday Blitz March 21 Early 2023"]
[White "Fernandez Hernandez, Gerardo"]
[Black "Palacio,Igor Da Paz"]
[WhiteFideId "2207400"]
[BlackFideId "2121140"]
[WhiteElo "2222"]
[BlackElo "2126"]
[Result "1-0"]
[Round "06"]
[TimeControl "180+2"]
[Date "2023.03.21"]
[WhiteClock "0:00:26"]
[BlackClock "0:00:04"]

1. e4 d6 2. d3 g6 3. g3 Bg7 4. Bg2 c5 5. f4 Nc6 6. Nf3 e6 7. O-O Nge7 8. c3 O-O 9. Be3 b6 10. d4 cxd4 11. cxd4 Bb7 12. Nc3 d5 13. e5 Nf5 14. Bf2 h5 15. Rc1 Re8 16. h3 Ba6 17. Re1 Nb4 18. Qa4 Bf8 19. a3 Nd3 20. Qxa6 Nxe1 21. Rxe1 Rc8 22. Qd3 Qc7 23. g4 hxg4 24. hxg4 Ng7 25. Ng5 Be7 26. Bh4 Qc4 27. Qe3 Qb3 28. Qd2 a6 29. Nf3 Bxh4 30. Nxh4 b5 31. f5 exf5 32. Bxd5 Rxc3 33. Bxb3 Rxb3 34. gxf5 Rg3+ 35. Kh2 Rg4 36. Kh3 gxf5 37. Nxf5 Rg6 38. Nxg7 Kxg7 39. Re4 Rg8 40. Rg4 Rh8+ 41. Kg3 Rh1 42. Rxg6+ fxg6 43. Qf2 Rf1 44. Qxf1 1-0


[Site "https://www.chess.com"]

[Event "Titled Tuesday Blitz March 21 Early 2023"]
[White "Belozerov, Andrei"]
[Black "Silva, Caio Henrique Angelico"]
[WhiteFideId "4120213"]
[BlackFideId "22777210"]
[WhiteElo "2360"]
[BlackElo "2096"]
[Result "1-0"]
[Round "06"]
[TimeControl "180+2"]
[Date "2023.03.21"]
[WhiteClock "0:01:53"]
[BlackClock "0:02:12"]

1. e4 c6 2. d4 d5 3. Nd2 dxe4 4. Nxe4 Nf6 5. Nxf6+ exf6 6. c3 Bd6 7. Bd3 O-O 8. Qc2 Re8+ 9. Ne2 h5 10. O-O Nd7 11. Nf4 h4 12. Qd1 Qc7 13. g3 Nf8 14. Qh5 hxg3 15. hxg3 g6 16. Qh6 Ne6 17. Kg2 Nxf4+ 18. Bxf4 Bxf4 19. gxf4 Bg4 20. Rh1 Bh5 21. Rxh5 gxh5 22. Rg1 1-0


[Site "https://www.chess.com"]

[Event "Titled Tuesday Blitz March 21 Early 2023"]
[White "Escanor89"]
[Black "Jaskolka, Tomasz"]
[BlackFideId "1170791"]
[WhiteElo "2389"]
[BlackElo "2155"]
[Result "1-0"]
[Round "06"]
[TimeControl "180+2"]
[Date "2023.03.21"]
[WhiteClock "0:00:19"]
[BlackClock "0:00:19"]

1. c3 d5 2. d4 c6 3. Bf4 a6 4. e3 Bf5 5. Nd2 Nd7 6. h3 e6 7. Ngf3 h6 8. Be2 Be7 9. O-O Ngf6 10. Re1 g5 11. Bh2 g4 12. hxg4 Nxg4 13. Bf4 Bg5 14. Nf1 Bxf4 15. exf4 Qf6 16. a4 h5 17. Ne5 Ndxe5 18. dxe5 Qh4 19. Qd4 Rg8 20. b4 Kd7 21. Bf3 Rg6 22. b5 Rag8 23. bxc6+ bxc6 24. Rab1 Bxb1 25. Rxb1 Rc8 26. c4 c5 27. Qd2 d4 28. Ng3 Nxf2 29. Rb7+ Ke8 30. Nxh5 Nh3+ 31. Kf1 Rh6 32. g3 Qd8 33. Kg2 Kf8 34. Kxh3 Rb8 35. Rxb8 Qxb8 36. Be4 Rxh5+ 37. Kg4 Rh8 38. Qa5 Rg8+ 39. Kh3 Qc8 40. Qb6 Rh8+ 41. Kg2 Rg8 42. Qd6+ Kg7 43. Qe7 Re8 44. Qf6+ Kf8 45. g4 Qd8 46. Qh8+ Ke7 47. Qh4+ Kd7 48. Qh7 Qe7 49. g5 Rf8 50. Kg3 f5 51. exf6 Qf7 52. Qh1 Rg8 53. Qb1 Qxf6 54. Qb7+ Kd8 55. Qb8+ Kd7 56. Qxg8 Qe7 57. Qh7 e5 58. Qxe7+ Kxe7 59. f5 Kf7 60. f6 a5 61. Kg4 Ke6 62. Kf3 Kf7 63. Ke2 Ke6 64. Kd3 Kf7 65. Bd5+ Kg6 66. Ke4 Kh7 67. Kxe5 Kg6 68. Be4+ Kf7 69. Bd3 Kg8 70. Kf5 Kh8 71. g6 Kg8 72. g7 Kf7 73. Kg5 Kg8 74. Kg4 Kf7 75. Kf4 Kg8 76. Ke5 Kf7 77. Kd5 Kg8 78. Kxc5 Kf7 79. Kxd4 Ke6 80. c5 Kd7 81. g8=Q Kc7 82. Qf7+ Kc6 83. Qe6+ Kb7 84. Qd6 Kc8 85. f7 Kb7 86. f8=Q Ka7 87. Qfe7+ Ka8 88. Qdd8# 1-0


[Site "https://www.chess.com"]

[Event "Titled Tuesday Blitz March 21 Early 2023"]
[White "Forgacs, Attila Jr."]
[Black "Borgaonkar Akshay"]
[WhiteFideId "773654"]
[BlackFideId "25639110"]
[WhiteElo "2168"]
[BlackElo "2063"]
[Result "0-1"]
[Round "06"]
[TimeControl "180+2"]
[Date "2023.03.21"]
[WhiteClock "0:00:17"]
[BlackClock "0:00:26"]

1. e4 c6 2. d4 d5 3. Nd2 dxe4 4. Nxe4 Nf6 5. Nxf6+ exf6 6. c3 Bd6 7. Bd3 O-O 8. Qc2 Re8+ 9. Ne2 h5 10. Be3 Qc7 11. h3 Nd7 12. O-O-O b5 13. Rdg1 Nb6 14. g4 Nc4 15. gxh5 Nxe3 16. fxe3 Rxe3 17. h6 g5 18. h4 g4 19. Rf1 g3 20. Qd2 Qe7 21. Rhg1 Bg4 22. Nf4 Re8 23. Bc2 Kh8 24. d5 Bxf4 25. Rxf4 Re1+ 26. Rxe1 Qxe1+ 27. Qxe1 Rxe1+ 28. Kd2 Re2+ 29. Kd3 Bh5 30. Bd1 g2 31. Bxe2 Bxe2+ 32. Kxe2 g1=Q 33. dxc6 Qh2+ 34. Rf2 Qd6 35. Rf3 Qxc6 36. Re3 Kh7 37. b3 Qg2+ 38. Kd3 Qxa2 39. Re7 Qxb3 40. Rxa7 Qc4+ 41. Kd2 b4 42. cxb4 Qd4+ 43. Kc2 Qxa7 44. Kc3 Qb7 45. b5 Kxh6 46. Kc4 Kh5 47. Kc5 Kxh4 48. b6 Kg5 49. Kb5 f5 50. Kc5 f4 51. Kd6 Kg4 52. Ke5 f3 53. Kd4 f5 54. Ke5 f2 55. Kf6 f1=Q 56. Ke5 Qf4+ 57. Ke6 Qfe4+ 58. Kd6 Qec6+ 59. Ke5 Qd5+ 60. Kf6 Qxb6+ 61. Ke7 Qh6 62. Ke8 f4 63. Ke7 f3 64. Ke8 f2 65. Ke7 f1=Q 66. Ke8 Qff7# 0-1


[Site "https://www.chess.com"]

[Event "Titled Tuesday Blitz March 21 Early 2023"]
[White "Valle Maytin, Luis Enrique"]
[Black "Reprintsev, Alexander"]
[WhiteFideId "3503666"]
[BlackFideId "14100541"]
[WhiteElo "2225"]
[BlackElo "2229"]
[Result "0-1"]
[Round "06"]
[TimeControl "180+2"]
[Date "2023.03.21"]
[WhiteClock "0:00:05"]
[BlackClock "0:00:32"]

1. e4 d5 2. exd5 Qxd5 3. Nc3 Qa5 4. Bc4 Nf6 5. d3 Bg4 6. f3 Be6 7. Bd2 Bxc4 8. dxc4 Qc5 9. Qe2 Nc6 10. Be3 Nd4 11. Bxd4 Qxd4 12. Rd1 Qh4+ 13. g3 Qh5 14. f4 Qxe2+ 15. Ngxe2 c6 16. Kf2 e6 17. Kf3 Be7 18. Ne4 O-O 19. N2c3 Rfd8 20. b3 Kf8 21. Rd3 Nxe4 22. Nxe4 f5 23. Nf2 Bc5 24. Rxd8+ Rxd8 25. Nd3 Bd4 26. Re1 Ke7 27. Re2 b5 28. cxb5 cxb5 29. h3 h5 30. Nb4 Rd6 31. Nd3 a5 32. g4 g6 33. gxh5 gxh5 34. Rg2 Rc6 35. Kg3 Bf6 36. Kf3 Kf7 37. Ke3 Bc3 38. Rg5 Bf6 39. Rg2 Rc3 40. Kd2 Rc8 41. Ke3 h4 42. Kd2 Bd4 43. a3 a4 44. b4 Rd8 45. c3 Bf6 46. Kc2 Rc8 47. Nc5 Be7 48. Nd7 Bd6 49. Ne5+ Bxe5 50. fxe5 Rc4 51. Kd3 Rf4 52. Rg5 Rf3+ 53. Kd4 Rxh3 54. Rh5 Kg6 55. Rh8 Rh1 56. Kc5 f4 57. Kxb5 Kf5 58. c4 Kxe5 59. c5 f3 60. c6 f2 61. Rf8 f1=Q+ 62. Rxf1 Rxf1 63. c7 Rc1 64. Kb6 h3 65. Kb7 h2 66. b5 h1=Q+ 67. Kb8 Qd5 68. b6 Qc6 69. b7 Qxc7+ 70. Ka8 Rb1 71. b8=Q Qxb8# 0-1


[Site "https://www.chess.com"]

[Event "Titled Tuesday Blitz March 21 Early 2023"]
[White "Bhavikatti, Neil"]
[Black "Golubev, Mikhail"]
[WhiteFideId "30935024"]
[BlackFideId "14100983"]
[WhiteElo "2341"]
[BlackElo "2374"]
[Result "0-1"]
[Round "06"]
[TimeControl "180+2"]
[Date "2023.03.21"]
[WhiteClock "0:00:14"]
[BlackClock "0:00:06"]

1. d4 Nf6 2. c4 g6 3. Nc3 Bg7 4. Nf3 O-O 5. Bg5 c5 6. d5 b5 7. cxb5 d6 8. e4 a6 9. a4 Qa5 10. Qd2 axb5 11. Bxb5 Nxe4 12. Nxe4 Qxb5 13. axb5 Rxa1+ 14. Ke2 Rxh1 15. Ne1 Rxh2 16. Bf4 Rh4 17. Nf3 Rh1 18. Ne1 Bd7 19. b6 Bb5+ 20. Kf3 Nd7 21. Qa5 Bc4 22. Qa7 Rxe1 23. Qxd7 Bxd5 24. b7 Rxe4 25. Kg3 Rb4 26. Qxe7 Bxb7 27. Bxd6 Rxb2 28. Bxc5 Bd5 29. Qd7 Be6 30. Qd1 Rc8 31. Be3 Rb3 32. Kh2 h5 33. Qd6 Rbb8 34. Bf4 Rd8 35. Qe7 Ra8 36. Qc5 Re8 37. Bd6 Rec8 38. Qe3 Rd8 39. Bc7 Rd7 40. Bf4 Re8 41. Qc1 Rdd8 42. Qc6 Rc8 43. Qb5 Kh7 44. Be3 Red8 45. Qb7 Rd5 46. Qe7 Be5+ 47. g3 Bg7 48. Qb7 Rf5 49. Qb6 Rc2 50. Qb1 Re2 51. Qd1 Rexf2+ 52. Bxf2 Rxf2+ 53. Kg1 Rf5 54. Qd3 Bf6 55. Kg2 Kg7 56. Qa6 Rg5 57. Qd6 Rg4 58. Qd3 h4 59. Kf1 Rxg3 60. Qe4 Rg4 61. Qg2 Bf5 62. Qf3 h3 63. Qxh3 Rf4+ 64. Kg2 Bxh3+ 65. Kxh3 Rf2 66. Kg3 Ra2 67. Kg4 g5 68. Kf5 Ra3 69. Kg4 Ra4+ 70. Kf5 Rf4# 0-1


[Site "https://www.chess.com"]

[Event "Titled Tuesday Blitz March 21 Early 2023"]
[White "Miszler, Levente"]
[Black "Kraus, Tomas"]
[WhiteFideId "763276"]
[BlackFideId "331708"]
[WhiteElo "2176"]
[BlackElo "2389"]
[Result "1-0"]
[Round "06"]
[TimeControl "180+2"]
[Date "2023.03.21"]
[WhiteClock "0:00:57"]
[BlackClock "0:00:09"]

1. Nf3 d5 2. c4 d4 3. e3 c5 4. exd4 cxd4 5. b4 Nf6 6. Bb2 Bg4 7. Qa4+ Bd7 8. Qb3 a5 9. bxa5 Nc6 10. Nxd4 Nxd4 11. Bxd4 Rxa5 12. Bb6 Re5+ 13. Be2 Qc8 14. d4 Rg5 15. O-O Bh3 16. Bf3 h5 17. Nd2 Rh6 18. Kh1 Bg4 19. d5 h4 20. Be3 Bxf3 21. Nxf3 Rxg2 22. Qb5+ Nd7 23. Kxg2 h3+ 24. Kh1 Qc7 25. Bxh6 gxh6 26. Rg1 Qf4 27. Rg3 Bg7 28. Qxb7 Bxa1 29. Qc8# 1-0


[Site "https://www.chess.com"]

[Event "Titled Tuesday Blitz March 21 Early 2023"]
[White "Van Osch, Mees"]
[Black "Spitzl, Vinzent"]
[WhiteFideId "1035967"]
[BlackFideId "12901253"]
[WhiteElo "2324"]
[BlackElo "2225"]
[Result "1-0"]
[Round "06"]
[TimeControl "180+2"]
[Date "2023.03.21"]
[WhiteClock "0:00:50"]
[BlackClock "0:00:11"]

1. e4 c6 2. d4 d5 3. Nc3 dxe4 4. Nxe4 Nf6 5. Nxf6+ exf6 6. c3 Bd6 7. Bd3 O-O 8. Ne2 Re8 9. Qc2 h5 10. Bd2 Be6 11. O-O-O Nd7 12. Kb1 h4 13. h3 Rc8 14. g3 Qa5 15. c4 Qc7 16. gxh4 b5 17. c5 Bf8 18. h5 f5 19. h6 g6 20. h4 Nf6 21. h5 Ne4 22. hxg6 fxg6 23. Nf4 Kh7 24. Be3 Bf7 25. Rdg1 Qa5 26. a3 Rcd8 27. f3 b4 28. fxe4 bxa3 29. Bd2 Qc7 30. exf5 gxf5 31. Bxf5+ Kh8 32. h7 Qe7 33. Rg8+ Bxg8 34. hxg8=Q+ Kxg8 35. Be6+ Kg7 36. Qh7+ 1-0


[Site "https://www.chess.com"]

[Event "Titled Tuesday Blitz March 21 Early 2023"]
[White "Castellanos Gomez, Alejandro"]
[Black "sebastianmarinp"]
[WhiteFideId "22284141"]
[WhiteElo "2158"]
[BlackElo "2279"]
[Result "0-1"]
[Round "06"]
[TimeControl "180+2"]
[Date "2023.03.21"]
[WhiteClock "0:01:56"]
[BlackClock "0:00:30"]

1. d4 Nf6 2. Bf4 d5 3. e3 c5 4. c3 Nc6 5. Nd2 Bf5 6. Qb3 Qc8 7. Ngf3 c4 8. Qa4 a6 9. b3 b5 10. Qa3 e5 11. Qb2 exf4 12. exf4 Bd6 13. Ne5 O-O 14. f3 Re8 15. Kf2 Ne7 16. g4 Bd7 17. h4 Ng6 18. Kg3 Bc6 19. h5 Nxf4 20. Kxf4 Nd7 21. Kg3 f6 22. f4 fxe5 23. dxe5 Nxe5 24. fxe5 Bxe5+ 25. Kh3 d4 26. cxd4 Bxh1 27. Nxc4 Bc7 28. Ne5 Bxe5 29. dxe5 Bf3 30. Re1 Qxg4+ 0-1


[Site "https://www.chess.com"]

[Event "Titled Tuesday Blitz March 21 Early 2023"]
[White "Shevtchenko, Olesya"]
[Black "Gatterer, Florian"]
[WhiteFideId "24131890"]
[BlackFideId "811688"]
[WhiteElo "2003"]
[BlackElo "2221"]
[Result "1-0"]
[Round "06"]
[TimeControl "180+2"]
[Date "2023.03.21"]
[WhiteClock "0:00:21"]
[BlackClock "0:00:06"]

1. e4 c5 2. Nf3 e6 3. d4 cxd4 4. Nxd4 Nf6 5. Nc3 Nc6 6. Qd3 Bb4 7. a3 Be7 8. Nxc6 bxc6 9. Qg3 g6 10. e5 Nd5 11. Ne4 f5 12. exf6 Nxf6 13. Nd6+ Bxd6 14. Qxd6 Qe7 15. Bf4 Qxd6 16. Bxd6 Ne4 17. Be5 O-O 18. f3 d6 19. fxe4 dxe5 20. O-O-O c5 21. Bc4 Kg7 22. Rd6 Bb7 23. Rxe6 Bxe4 24. Rxe5 Bxg2 25. Rg1 Rf2 26. Rxc5 Be4 27. Rc7+ Kh6 28. Be6 Rxh2 29. b4 Re8 30. Bb3 a5 31. b5 a4 32. Bxa4 Ra8 33. Rc4 Bf5 34. Kb2 Kg7 35. Bb3 Ra7 36. b6 Rb7 37. Rb4 h5 38. a4 Re2 39. a5 Bd3 40. Rg3 Ba6 41. Bc4 Bxc4 42. Rxc4 Re5 43. Ra3 Rb5+ 44. Kc3 h4 45. Rxh4 g5 46. Rb4 Kg6 47. Rxb5 g4 48. a6 g3 49. axb7 g2 50. b8=Q g1=Q 51. Qg8+ Kf6 52. Qxg1 Ke7 53. Qg6 Kd7 54. Ra7+ 1-0


[Site "https://www.chess.com"]

[Event "Titled Tuesday Blitz March 21 Early 2023"]
[White "Topalov, Aleksandar"]
[Black "Rose, Felix"]
[WhiteFideId "925659"]
[BlackFideId "5105722"]
[WhiteElo "2151"]
[BlackElo "2039"]
[Result "1-0"]
[Round "06"]
[TimeControl "180+2"]
[Date "2023.03.21"]
[WhiteClock "0:00:16"]
[BlackClock "0:00:02"]

1. b3 e5 2. Bb2 Nc6 3. c4 Nf6 4. e3 d5 5. cxd5 Nxd5 6. a3 Be6 7. Qc2 Qd7 8. Nf3 f6 9. d3 O-O-O 10. Nbd2 g5 11. h3 h5 12. g3 Kb8 13. d4 exd4 14. Nxd4 Nxd4 15. Bxd4 Bg7 16. O-O-O f5 17. Nc4 Bxd4 18. Rxd4 Qe7 19. b4 c5 20. bxc5 Qxc5 21. Kb2 Rc8 22. Bd3 Nb6 23. Rc1 Bxc4 24. Bxc4 Nxc4+ 25. Rxc4 Qb5+ 26. Ka2 Rxc4 27. Qxc4 Qa5 28. Rc2 a6 29. Qd4 Rd8 30. Qc4 Rd2 31. Kb2 Qb6+ 32. Kc1 Rxc2+ 33. Kxc2 Qd6 34. a4 Qd7 35. Kb3 Qe8 36. Qd5 1-0


[Site "https://www.chess.com"]

[Event "Titled Tuesday Blitz March 21 Early 2023"]
[White "Jaivardhan Raj"]
[Black "Hernandez Bonilla, Amelia"]
[WhiteFideId "25744437"]
[BlackFideId "3900193"]
[WhiteElo "1772"]
[BlackElo "2198"]
[Result "1-0"]
[Round "06"]
[TimeControl "180+2"]
[Date "2023.03.21"]
[WhiteClock "0:00:16"]
[BlackClock "0:00:02"]

1. e4 c5 2. Nf3 d6 3. d4 cxd4 4. Qxd4 Nf6 5. c4 Nc6 6. Qe3 e6 7. Nc3 Be7 8. h3 O-O 9. Be2 d5 10. cxd5 exd5 11. exd5 Nxd5 12. Nxd5 Qxd5 13. O-O Bc5 14. Qd3 Qxd3 15. Bxd3 Rd8 16. Bc2 Nb4 17. Bb3 Bf5 18. Ne5 Bg6 19. Bg5 Re8 20. Nd7 Bd4 21. Rad1 Bxb2 22. Nc5 b6 23. Nb7 h6 24. Bh4 Bc3 25. Nd6 Re2 26. Bc4 Rb2 27. Bb3 Bd3 28. Bxf7+ Kh8 29. Bd5 g5 30. Bxg5 hxg5 31. Bxa8 Bxf1 32. Kxf1 Rxa2 33. Nf7+ Kg7 34. Nxg5 a5 35. Ne6+ Kf6 36. Nf4 Be5 37. Nh5+ Kg5 38. Ng3 a4 39. Ne4+ Kf4 40. g3+ Kf5 41. Rd8 Rc2 42. Rf8+ Ke6 43. Ng5+ Ke7 44. Rf7+ Kd6 45. Ne4+ Ke6 46. Ng5+ Kd6 47. Rb7 Bd4 48. Ne4+ Ke6 49. Ra7 b5 50. Rh7 Nd3 51. Rh6+ Ke7 52. Rh7+ Kf8 53. Ng5 Rxf2+ 54. Kg1 Rf5+ 55. Kh2 Rxg5 56. Rd7 1-0


[Site "https://www.chess.com"]